 Dungeon Crawl Stone Soup version 0.20-a0-899-g09a9bfb (webtiles) character file.

205 4thArraOfDagon the Skirmisher (level 5, -5/50 HPs)
             Began as a Naga Arcane Marksman on Mar 18, 2017.
             Was an Initiate of Okawaru.
             Killed by divine providence
             ... invoked by an orc priest
              (12 damage)
             ... on level 4 of the Dungeon.
             The game lasted 00:05:25 (1322 turns).

4thArraOfDagon the Skirmisher (NaAM)                Turns: 1322, Time: 00:05:25

Health: -5/50      AC:  7    Str: 13    XL:     5   Next: 83%
Magic:  6/6        EV:  9    Int: 18    God:    Okawaru [......]
Gold:   126        SH:  0    Dex: 17    Spells: 5/6 levels left

rFire    . . .     SeeInvis +   r - +0 hand axe (vamp)
rCold    . . .     Gourm    .   n - +0 chain mail
rNeg     . . .     Faith    .   (no shield)
rPois    +         Spirit   .   (no helmet)
rElec    .         Reflect  .   (no cloak)
rCorr    .         Harm     .   p - +1 pair of gloves
MR       .....                  (no barding)
Stlth    ..........             (no amulet)
Regen    0.2/turn               (no ring)
MPRegen  0.1/turn               (no ring)

@: brilliant, agile, very slow
A: see invisible, deformed body, poison resistance, slowness 2, slow metabolism
1, spit poison 1, AC +1
a: Spit Poison, Renounce Religion


You were on level 4 of the Dungeon.
You worshipped Okawaru.
Okawaru was noncommittal.
You were not hungry.

You visited 1 branch of the dungeon, and saw 4 of its levels.

You collected 126 gold pieces.

Inventory:

Hand Weapons
 a - a +0 hand crossbow
 r - a +0 vampiric hand axe (weapon)
Missiles
 d - 13 bolts
Armour
 e - a +0 robe
 n - a +0 chain mail (worn)
 o - a +1 robe of magic resistance
 p - a +1 pair of gloves (worn)
Scrolls
 j - a scroll of enchant armour
 k - a scroll of identify {unknown}
 l - 2 scrolls of random uselessness {unknown}
 m - a scroll of noise {unknown}
 q - 2 scrolls of enchant weapon {unknown}
Potions
 b - a potion of agility
 g - a potion of flight
 s - a potion of ambrosia
Books
 c - a book of Debilitation

   Spells                             Type                      Level
   a - Corona                         Hexes                        1
   b - Slow                           Hexes                        2
   c - Inner Flame                    Hexes/Fire                   3
   d - Portal Projectile              Hexes/Translocation          3
   e - Cause Fear                     Hexes                        4
   f - Leda's Liquefaction            Hexes/Earth                  4
Comestibles
 f - a bread ration
 i - a chunk of flesh


   Skills:
 - Level 4.0 Fighting
 * Level 3.1 Axes
 - Level 1.7 Crossbows
 - Level 1.5 Dodging
 - Level 1.0 Spellcasting
 - Level 3.0 Hexes
 + Level 1.4 Invocations


You had 5 spell levels left.
You knew the following spells:

 Your Spells              Type           Power        Failure   Level  Hunger
a - Corona                Hex            ###....      45%         1    ##.....


Dungeon Overview and Level Annotations

Branches:
Dungeon (4/15)
 Temple: D:4-7

Altars:
Okawaru
Trog

Annotations:
D:4 Eustachio, Robin


Innate Abilities, Weirdness & Mutations

You cannot wear boots.
Your serpentine skin is tough. (AC +1)
You have supernaturally acute eyesight. (SInv)
Armour fits poorly on your strangely shaped body.
Your system is resistant to poisons. (rPois)
You cover ground very slowly.
You have a slow metabolism.
You can spit poison.


Message History

The orc wizard hits you but does no damage.
The orc hits you.
* * * LOW HITPOINT WARNING * * *
The orc wizard hits you but does no damage.
The orc priest closely misses you.
Unknown command.
You closely miss the orc priest.
The orc priest is severely wounded.
You hit the orc.
You feel better.
Your chain mail prevents you from hitting the orc wizard.
The orc barely misses you.
The orc wizard hits you but does no damage.
Unknown command.
Unknown command.
You barely miss the orc priest.
The orc priest is severely wounded.
You closely miss the orc wizard. You hit the orc but do no damage.
The orc priest calls down the wrath of Beogh upon you.
Beogh smites you!
You die...

. .o @ .##... ... ..
#########.##...
#....@oo@.....
#....oo.%.#.. ###
#.........# ###...
#.........# ......
#.........# .....
#.........# #...
#.........# ##...
#.........########....
#.....................


You could see Eustachio, an orc priest, an orc wizard and 2 orcs.

Vanquished Creatures
  Jessica (D:2)
  A worker ant (D:4)
  The ghost of 4thArraOfDagon the Skirmisher, a weakling DsWn (D:3)
  6 adders
  3 oozes
  2 worms
  A dart slug (D:2)
  4 leopard geckos
  3 orcs (D:3)
  4 bats
  2 giant cockroaches (D:1)
  10 hobgoblins
  A quokka (D:3)
  A ball python (D:3)
  A frilled lizard (D:1)
  9 goblins
  6 kobolds
  3 rats
59 creatures vanquished.

Notes
Turn   | Place    | Note
-------+----------+-------------------------------------------
     0 | D:1      | 4thArraOfDagon the Naga Arcane Marksman began the quest for the Orb.
     0 | D:1      | Reached XP level 1. HP: 18/18 MP: 2/2
   112 | D:2      | Reached skill level 2 in Fighting
   112 | D:2      | Reached XP level 2. HP: 16/26 MP: 3/3
   258 | D:2      | Reached XP level 3. HP: 16/33 MP: 4/4
   271 | D:2      | Reached skill level 3 in Fighting
   279 | D:2      | Noticed Jessica
   283 | D:2      | Killed Jessica
   348 | D:2      | Reached XP level 4. HP: 37/44 MP: 5/5
   575 | D:3      | Reached skill level 4 in Fighting
   597 | D:3      | Found an iron altar of Okawaru.
   609 | D:3      | Became a worshipper of Warmaster Okawaru
   666 | D:2      | Reached skill level 1 in Axes
   802 | D:4      | Noticed Robin
   820 | D:3      | Reached XP level 5. HP: 41/50 MP: 6/6
   881 | D:3      | Found a bloodstained altar of Trog.
   904 | D:3      | Noticed 4thArraOfDagon's ghost (weakling DsWn)
   974 | D:3      | Killed 4thArraOfDagon's ghost
   975 | D:3      | Reached skill level 1 in Invocations
  1312 | D:4      | Noticed Eustachio
  1322 | D:4      | Killed from afar by an orc priest

Vault maps used:
D:1:      minmay_arrival_three_doors, minivault_24
D:2:      dk_noncrumbling_3, uniq_jessica
D:3:      okawaru_ov_weapons_minmay, trog_three_pillars_becter
D:4:      uniq_eustachio, uniq_robin

Skill      XL: |  1  2  3  4  5 |
---------------+----------------+-----
Fighting       | 2 3 4 |  4.0
Axes           | 1 3 |  3.1
Invocations    | 1 |  1.4
Crossbows      | |  1.7
Dodging        | |  1.5
Spellcasting   | |  1.0
Hexes          | |  3.0

Action                   |  1- 3 |  4- 6 || total
-------------------------+-------+-------++-------
Melee: Hand axe          |       |   131 ||   131
 Fire: Hand crossbow     |    43 |    41 ||    84
 Abil: Spit Poison       |     6 |     6 ||    12
  Use: Potion            |       |     8 ||     8
       Scroll            |       |     2 ||     2
  Eat: Meat ration       |       |     1 ||     1
       Chunk             |       |     1 ||     1
Armor: Robe              |     1 |       ||     1
       Chain mail        |     5 |   148 ||   153
Dodge: Dodged            |    11 |    51 ||    62
